 Dungeon Crawl Stone Soup version 0.22-a0-301-gf0fe05c (webtiles) character file.

450 Amnesiac the Digger (level 7, -2/36 HPs)
             Began as a Tengu Earth Elementalist on Mar 26, 2018.
             Slain by a gnoll
             ... wielding a +0 whip
              (7 damage)
             ... on level 4 of the Dungeon.
             The game lasted 00:07:55 (3888 turns).

Amnesiac the Digger (Tengu Earth Elementalist)      Turns: 3888, Time: 00:07:55

Health: -2/36      AC:  2    Str:  8    XL:     7   Next: 4%
Magic:  8/14       EV:  7    Int: 17    God:
Gold:   167        SH:  0    Dex: 15    Spells: 2/14 levels left

rFire    . . .     SeeInvis .   k - +1 dagger (drain)
rCold    . . .     Gourm    .   (no shield)
rNeg     + . .     Faith    .   c - +0 robe
rPois    .         Spirit   .   (helmet restricted)
rElec    .         Reflect  .   (no cloak)
rCorr    .         Harm     .   (no gloves)
MR       .....                  (boots unavailable)
Stlth    ++........             (no amulet)
HPRegen  0.12/turn              e - ring of positive energy
MPRegen  0.14/turn              (no ring)

@: held
A: beak, talons 3, able to fly 1
a: Fly


You were on level 4 of the Dungeon.
You were not hungry.

You visited 1 branch of the dungeon, and saw 4 of its levels.

You collected 167 gold pieces.

Inventory:

Hand Weapons
 k - a +1 dagger of draining (weapon)
Armour
 c - a +0 robe (worn)
 j - a +0 shield
 p - a +1 leather armour of fire resistance
Jewellery
 b - an uncursed ring of protection from magic {unknown}
 e - a ring of positive energy (left hand)
Wands
 l - a wand of random effects (17)
 n - a wand of clouds (6)
Scrolls
 a - 3 scrolls of remove curse {!r}
 f - a scroll of enchant weapon {!r}
 g - 3 scrolls of identify {!r}
Potions
 h - a potion of haste {!q}
 i - a potion of curing {!q}
 m - 3 potions of heal wounds {!q}
 o - 2 potions of flight {!q}
Comestibles
 d - 9 rations


   Skills:
 - Level 2.1 Dodging
 - Level 2.0 Stealth
 + Level 4.1 Spellcasting
 - Level 1.0 Transmutations
 * Level 4.9 Earth Magic


You had 2 spell levels left.
You knew the following spells:

 Your Spells              Type           Power        Failure   Level  Hunger
a - Sandblast             Erth           ###...       1%          1    None
b - Passwall              Tmut/Erth      ##........   7%          2    ##.....
d - Lee's Rapid Deconstr  Erth           ###.......   50%         5    ######.
e - Petrify               Tmut/Erth      ##......     41%         4    ####...


Dungeon Overview and Level Annotations

Branches:
Dungeon (4/15)
 Temple: D:4-7

Altars:
Xom

Annotations:
D:4 Duvessa


Innate Abilities, Weirdness & Mutations

You have a beak for a mouth.
You have claws for feet.
You can fly.


Message History

q - 3 stones The gnoll hits you from afar with a spear.
Casting: Sandblast (safe; 1% risk of failure)
Confirm with . or Enter, or press ? or * to list all spells.
Aiming: Sandblast (safe; 1% risk of failure)
Press: ? - help, Shift-Dir - straight line, f/p - gnoll
Aim: a gnoll, wielding a spear and wearing a leather armour (almost dead)
The blast of sand hits the gnoll.
You kill the gnoll!
q - 2 stones You struggle against the net.
You struggle against the net.
Casting: Sandblast (safe; 1% risk of failure)
Confirm with . or Enter, or press ? or * to list all spells.
Aiming: Sandblast (safe; 1% risk of failure)
Press: ? - help, Shift-Dir - straight line, f - gnoll
Aim: a gnoll, wielding a whip The blast of sand misses the gnoll.
q - a stone
Casting: Sandblast (safe; 1% risk of failure)
Confirm with . or Enter, or press ? or * to list all spells.
Aiming: Sandblast (safe; 1% risk of failure)
Press: ? - help, Shift-Dir - straight line, f/p - gnoll
Aim: a gnoll, wielding a whip The blast of sand hits the gnoll.
The gnoll is severely wounded.
You now have no stones remaining.
The gnoll hits you with a whip.
Casting: Sandblast (safe; 1% risk of failure)
Confirm with . or Enter, or press ? or * to list all spells.
Aiming: Sandblast (safe; 1% risk of failure)
Press: ? - help, Shift-Dir - straight line, f/p - gnoll
Aim: a gnoll, wielding a whip (severely wounded)
You don't have any stones to cast with.
Casting: Sandblast (safe; 1% risk of failure)
Confirm with . or Enter, or press ? or * to list all spells.
Aiming: Sandblast (safe; 1% risk of failure)
Press: ? - help, Shift-Dir - straight line, f/p - gnoll
Aim: a gnoll, wielding a whip (severely wounded)
You don't have any stones to cast with.
Casting: Sandblast (safe; 1% risk of failure)
Confirm with . or Enter, or press ? or * to list all spells.
Aiming: Sandblast (safe; 1% risk of failure)
Press: ? - help, Shift-Dir - straight line, f/p - gnoll
Aim: a gnoll, wielding a whip (severely wounded)
You don't have any stones to cast with.
Casting: Sandblast (safe; 1% risk of failure)
Confirm with . or Enter, or press ? or * to list all spells.
Aiming: Sandblast (safe; 1% risk of failure)
Press: ? - help, Shift-Dir - straight line, f/p - gnoll
Aim: a gnoll, wielding a whip (severely wounded)
You don't have any stones to cast with.
Casting: Sandblast (safe; 1% risk of failure)
Confirm with . or Enter, or press ? or * to list all spells.
Which direction?
The gnoll hits you with a whip.
You begin to meditate on the wall.
You continue meditating on the rock.
The gnoll hits you with a whip.
* * * LOW HITPOINT WARNING * * *
You continue meditating on the rock.
The gnoll hits you with a whip!
* * * LOW HITPOINT WARNING * * *
You continue meditating on the rock.
The gnoll hits you with a whip!
You die...

.######...######..##..##....#..#.
.........e##......##.###...#...#.
....Z......#.####.##.###......#.#
.......###g..###.............#...
....... #....##..#######.........
>......##.##....## #####...#####
##..####.e##.#### ###............
##.###..##..(#####...###########
###g....##....gg@...###
#.....###...#.#######
.g###...#.###)#### ### .......
#))..#### # #........####....###
### # #........ ####...##...
####........ .. ##.........
..########## .##..........
#..##### ..#..........


You could see 2 gnolls.

Vanquished Creatures
  Sigmund (D:3)
  Dowan (D:4)
  An orc wizard (D:4)
  Jessica (D:2)
  A worker ant (D:4)
  A hound skeleton (D:4)
  2 gnolls (D:4)
  2 adders (D:3)
  3 oozes
  2 worms (D:3)
  7 dart slugs
  A leopard gecko (D:3)
  7 orcs
  4 giant cockroaches
  8 goblins
  5 hobgoblins
  10 jackals
  2 quokkas
  2 ball pythons
  5 bats
  6 kobolds
  9 rats
81 creatures vanquished.

Notes
Turn   | Place    | Note
-------+----------+-------------------------------------------
     0 | D:1      | Amnesiac the Tengu Earth Elementalist began the quest for the Orb.
     0 | D:1      | Reached XP level 1. HP: 10/10 MP: 4/4
   207 | D:1      | Reached XP level 2. HP: 13/15 MP: 3/6
   214 | D:1      | Learned a level 2 spell: Passwall
   536 | D:1      | Reached XP level 3. HP: 19/19 MP: 1/7
  1537 | D:2      | Noticed Jessica
  1544 | D:2      | Killed Jessica
  1544 | D:2      | Reached XP level 4. HP: 24/24 MP: 2/9
  1856 | D:3      | Noticed Sigmund
  1872 | D:3      | Killed Sigmund
  1872 | D:3      | Gained mutation: You can fly. [Tengu growth]
  1872 | D:3      | Reached XP level 5. HP: 16/28 MP: 3/11
  1872 | D:3      | Reached XP level 6. HP: 18/32 MP: 3/12
  2017 | D:3      | Learned a level 5 spell: Lee's Rapid Deconstruction
  2492 | D:3      | Reached skill level 1 in Transmutations
  2526 | D:3      | Found a shimmering altar of Xom.
  2597 | D:4      | Noticed Duvessa
  2979 | D:4      | Noticed Dowan
  2982 | D:4      | Killed Dowan
  3108 | D:4      | Learned a level 4 spell: Petrify
  3834 | D:4      | Reached XP level 7. HP: 36/36 MP: 8/14
  3888 | D:4      | Slain by a gnoll

Vault maps used:
D:1:      saegor_arrival_miasma
D:2:      kennysheep_jessica_study
D:3:      tgw_xom, first_ration, st_stairs_9, dk_vineyard_3, uniq_sigmund
D:4:      minmay_temple_entry_nine_rooms, minmay_splitting_lines, uniq_duvessa,
          uniq_robin

Skill      XL: |  1  2  3  4  5  6 |
---------------+-------------------+-----
Earth Magic    | 3 4 |  4.9
Spellcasting   | 3 4 |  4.1
Transmutations | 1 |  1.0
Dodging        | |  2.1
Stealth        | |  2.0

Action                   |  1- 3 |  4- 6 |  7- 9 || total
-------------------------+-------+-------+-------++-------
Melee: Unarmed           |    10 |       |       ||    10
       Kick              |     2 |     6 |       ||     8
       Dagger            |       |    23 |       ||    23
       Peck              |       |     6 |       ||     6
 Cast: Sandblast         |    65 |    81 |     6 ||   152
       Petrify           |       |     2 |       ||     2
       Passwall          |       |     1 |     1 ||     2
 Abil: Fly               |       |     3 |       ||     3
Evoke: Wand              |       |     5 |       ||     5
  Use: Scroll            |     7 |       |       ||     7
  Eat: Chunk             |     3 |     8 |       ||    11
Armor: Robe              |     6 |     6 |       ||    12
Dodge: Dodged            |    20 |    47 |       ||    67

Table legend:
 A = Spawn XP
 B = Non-spawn XP
 C = Spawn XP percentage of total XP
 D = Spawn monster count
 E = Non-spawn monster count
 F = Spawn count percentage of total count
 G = Total turns spent on level
                    A         B        C        D         E        F      G
               +---------+---------+-------+---------+---------+-------+---------
         Total |       0 |     644 |   0.0 |       0 |      81 |   0.0 |  3888
               +---------+---------+-------+---------+---------+-------+---------
           D:1 |       0 |      55 |   0.0 |       0 |      28 |   0.0 |  1099
           D:2 |       0 |      53 |   0.0 |       0 |      10 |   0.0 |   567
           D:3 |       0 |     324 |   0.0 |       0 |      30 |   0.0 |  1486
           D:4 |       0 |     212 |   0.0 |       0 |      13 |   0.0 |   736
               +---------+---------+-------+---------+---------+-------+---------
